 Dungeon Crawl Stone Soup version 0.18-a0-1521-g8720118 (webtiles) character file.

2201 FrancescoMac the Skirmisher (level 9, 0/74 HPs)
             Began as a Demonspawn Wanderer on Mar 2, 2016.
             Slain by an iguana (13 damage)
             ... on level 8 of the Dungeon.
             The game lasted 00:30:12 (7242 turns).

FrancescoMac the Skirmisher (Demonspawn Wanderer)   Turns: 7242, Time: 00:30:12

Health: 0/74       AC:  4    Str: 15    XL:     9   Next: 12%
Magic:  10/10      EV: 14    Int: 16    God:
Gold:   231        SH:  0    Dex: 11    Spells: 0 memorised, 10 levels left

rFire  . . .     SeeInvis .     x - +2 flail
rCold  . . .     Gourm    +     e - +0 robe
rNeg   . . .     Faith    .     (no shield)
rPois  .         Spirit   .     r - +0 helmet
rElec  .         Dismiss  .     (no cloak)
rCorr  +         Reflect  .     (no gloves)
SustAt .         Harm     .     (no boots)
MR     .....                    l - amulet of the gourmand
Stlth  ++........               D - ring of resist corrosion
                                (no ring)

@: not resistant to hostile enchantments, unstealthy
A: claws 1, rugged brown scales 1, nightstalker 1, spiny 3
a: no special abilities


You were on level 8 of the Dungeon.
You were completely stuffed.

You visited 2 branches of the dungeon, and saw 9 of its levels.

You collected 231 gold pieces.

Inventory:

Hand Weapons
 b - a +0 hand crossbow
 d - a +0 mace
 x - a +2 flail (weapon)
Missiles
 c - 77 bolts
 i - 5 throwing nets (quivered)
 j - 14 bolts of penetration
 s - 8 needles of sleeping
Armour
 e - a +0 robe (worn)
 p - a +0 pair of boots
 r - a +0 helmet (worn)
Jewellery
 l - an amulet of the gourmand (around neck)
 D - a ring of resist corrosion (right claw)
Wands
 w - a wand of confusion (48/48)
 y - a wand of flame (23/48)
 A - a wand of acid (7/15)
 F - a wand of heal wounds (6/9)
Scrolls
 h - 2 scrolls of random uselessness
 m - 2 scrolls of recharging
 B - a scroll of fear {unknown}
 E - a scroll of identify
 G - a scroll of blinking
 H - a scroll of teleportation {unknown}
 I - a scroll of amnesia
 J - a scroll of enchant armour {unknown}
Potions
 k - 4 potions of brilliance
 o - a potion of beneficial mutation {unknown}
 q - a potion of cancellation {unknown}
 t - 2 potions of invisibility {unknown}
 u - a potion of berserk rage {unknown}
 v - 2 potions of heal wounds {unknown}
 z - 2 potions of haste {unknown}
 C - 3 potions of flight {unknown}
Miscellaneous
 a - a fan of gales
Comestibles
 f - 7 bread rations
 g - 4 meat rations
 n - 2 slices of pizza
 K - a chunk of flesh


   Skills:
 + Level 7.5 Fighting
 + Level 6.7 Maces & Flails
 - Level 1.1 Crossbows
 + Level 6.1 Dodging
 - Level 1.0 Stealth
 - Level 1.0 Spellcasting
   Level 1.0 Charms
   Level 1.0 Earth Magic
 - Level 1.0 Evocations


You had 10 spell levels left.
You didn't know any spells.

Dungeon Overview and Level Annotations

Branches:
Dungeon (8/15)             Temple (1/1) D:5
   Lair: D:8-11

Altars:
Ashenzari
Cheibriados
Dithmenos
Gozag
Makhleb
Nemelex Xobeh
Okawaru
Pakellas
Qazlal
Ukayaw
Vehumet
Xom
Zin


Innate Abilities, Weirdness & Mutations

You have sharp fingernails.
You are partially covered in rugged brown scales (AC +1, +3% HP).
You are slightly more attuned to the shadows.
You are completely covered in sharp spines.


Message History

The centaur shoots an arrow.
The arrow closely misses you.
The centaur shoots an arrow.
The arrow hits you!
* * * LOW HITPOINT WARNING * * *
The arrow burns you.
* * * LOW HITPOINT WARNING * * *
The centaur shoots an arrow.
The arrow hits you but does no damage.
Found a stone staircase leading down.
You see here an arrow.
The centaur shoots an arrow.
The arrow closely misses you.
There is a stone staircase leading down here.
The iguana bites you.
* * * LOW HITPOINT WARNING * * *
You climb downwards.
There is a stone staircase leading up here.
You are too injured to fight recklessly!
You closely miss the iguana. The iguana misses you.
You hit the iguana.
The iguana is moderately wounded.
The iguana bites you!
You die...

###
#@#
#l#
#.#
#.#
#.#
#.#
...


You could see an iguana.

Vanquished Creatures
  Eustachio (D:4)
  A hippogriff (D:7)
  Edmund (D:5)
  An ice beast (D:5)
  2 ogres (D:6)
  A phantom (D:4)
  A centaur (D:4)
  3 giant frogs (D:6)
  A scorpion (D:6)
  6 killer bees (D:7)
  A crimson imp (D:7)
  A giant frog zombie (D:6)
  2 jellies
  2 giant frog skeletons (D:5)
  3 hounds
  An orc priest (D:6)
  An iguana (D:5)
  4 worker ants
  5 orc wizards
  2 hound skeletons
  A worker ant zombie (D:7)
  12 gnolls
  7 adders
  2 shadow imps (D:5)
  An ooze (D:3)
  An adder zombie (D:7)
  A worm (D:2)
  5 giant geckos
  13 orcs
  6 giant cockroaches
  12 goblins
  5 hobgoblins
  4 jackals
  3 quokkas
  2 ball pythons (D:3)
  A ball python skeleton (D:4)
  10 bats
  2 jackal zombies (D:5)
  4 kobolds
  A quokka zombie (D:5)
  9 rats
142 creatures vanquished.

Notes
Turn   | Place    | Note
--------------------------------------------------------------
     0 | D:1      | FrancescoMac the Demonspawn Wanderer began the quest for the Orb.
     0 | D:1      | FrancescoMac set off with: a fan of gales, a +0 hand crossbow, 26 bolts, a +0 mace, a +0 robe, a bread ration
     0 | D:1      | Reached XP level 1. HP: 18/18 MP: 2/2
   154 | D:1      | Gained mutation: You are partially covered in sharp spines. [demonic ancestry]
   154 | D:1      | Reached XP level 2. HP: 14/24 MP: 3/3
   849 | D:1      | Reached skill level 1 in Crossbows
   849 | D:1      | Reached XP level 3. HP: 15/29 MP: 4/4
   850 | D:1      | Reached skill level 1 in Dodging
  1111 | D:2      | Gained mutation: You are partially covered in rugged brown scales (AC +1, +3% HP). [demonic ancestry]
  1111 | D:2      | Reached XP level 4. HP: 16/37 MP: 5/5
  1951 | D:3      | Gained mutation: You have sharp fingernails. [demonic ancestry]
  1951 | D:3      | Reached XP level 5. HP: 38/43 MP: 6/6
  1975 | D:3      | Found a glowing silver altar of Zin.
  1982 | D:3      | Reached skill level 4 in Fighting
  2239 | D:3      | Found a hide-covered altar to Ukayaw.
  2917 | D:4      | Gained mutation: You are mostly covered in sharp spines. [demonic ancestry]
  2917 | D:4      | Reached XP level 6. HP: 14/50 MP: 7/7
  3829 | D:4      | Found a shadowy altar of Dithmenos.
  4125 | D:4      | Noticed Eustachio
  4133 | D:4      | Killed Eustachio
  4133 | D:4      | Reached skill level 5 in Fighting
  4133 | D:4      | Reached XP level 7. HP: 55/57 MP: 8/8
  4440 | D:5      | Entered Level 5 of the Dungeon
  4953 | D:5      | Found a staircase to the Ecumenical Temple.
  4992 | Temple   | Entered the Ecumenical Temple
  5324 | D:5      | Noticed Edmund
  5337 | D:5      | Killed Edmund
  5337 | D:5      | Reached skill level 6 in Fighting
  5337 | D:5      | Reached skill level 5 in Maces & Flails
  5346 | D:5      | Gained mutation: You are slightly more attuned to the shadows. [demonic ancestry]
  5346 | D:5      | Reached XP level 8. HP: 62/65 MP: 9/9
  6066 | D:6      | Reached skill level 5 in Dodging
  6466 | D:6      | Found a stormy altar of Qazlal.
  6544 | D:6      | Reached skill level 7 in Fighting
  6603 | D:7      | Gained mutation: You are completely covered in sharp spines. [demonic ancestry]
  6603 | D:7      | Reached XP level 9. HP: 5/74 MP: 10/10
  6604 | D:7      | HP: 3/74 [poisoned by a killer bee]
  6948 | D:7      | Found a shimmering altar of Xom.
  6949 | D:7      | Found a burning altar of Makhleb.
  6952 | D:7      | Paralysed by a crimson imp for 6 turns
  7242 | D:8      | Slain by an iguana

Vault maps used:
D:1:      elethiomel_arrival_infinity_welcomes_careful_drivers,
          hangedman_decor_growths
D:3:      lemuel_crystal_altar, lemuel_doored_altar
D:4:      nicolae_dithmenos_shadow_blocks, solitary_fountain, uniq_eustachio
D:5:      temple_green, first_bread, eino_small_chamber_without_monster,
          small_statue_alley_b, kennysheep_diamond, serial_park_tiny_1,
          uniq_edmund
D:6:      nicolae_qazlal_eye_of_the_storm
D:7:      grunt_temple_overflow_champion_of_chaos, overflow_temple_1_default,
          grunt_livestock, minmay_stone_trees_medium,
          minmay_misc_feat_four_crosses
D:8:      grunt_temple_overflow_growth_and_decay, old_standard_altar, tgw_trog
Temple:   temple_island_7

Skill      XL: |  1  2  3  4  5  6  7  8  9 |
---------------+----------------------------+-----
Maces & Flails | 2 3 4 5 6 |  6.7
Crossbows      | 1 |  1.1
Dodging        | 1 2 3 4 5 6 |  6.1
Fighting       | 4 5 6 7 |  7.5
Stealth        | |  1.0
Spellcasting   | |  1.0
Charms         | |  1.0
Earth Magic    | |  1.0
Evocations     | |  1.0

Action                   |  1- 3 |  4- 6 |  7- 9 || total
-------------------------+-------+-------+-------++-------
Melee: Mace              |    22 |    82 |    13 ||   117
       Flail             |       |       |   118 ||   118
 Fire: Hand crossbow     |     4 |       |       ||     4
  Use: Potion            |     2 |     1 |     1 ||     4
       Scroll            |     1 |     3 |     8 ||    12
 Stab: Sleeping          |     1 |     6 |     5 ||    12
  Eat: Meat ration       |     1 |       |       ||     1
       Chunk             |       |    15 |    11 ||    26
